 Dungeon Crawl Stone Soup version 0.25.1-2-g60ff931df9 (webtiles) character file.

Game seed: 17557557520341273190

240 HawFromDerth the Chopper (level 6, -6/53 HPs)
             Began as a Hill Orc Fighter on Sept 21, 2020.
             Engulfed by Ijyb's freezing vapour (7 damage)
             ... on level 3 of the Dungeon.
             The game lasted 00:05:02 (2568 turns).

HawFromDerth the Chopper (Hill Orc Fighter)         Turns: 2568, Time: 00:05:03

Health: -6/53      AC:  7    Str: 21    XL:     6   Next: 8%
Magic:  6/6        EV:  7    Int:  8    God:
Gold:   93         SH:  9    Dex: 10    Spells: 5/5 levels left

rFire    . . .     SeeInvis +   a - +1 war axe
rCold    . . .     Gourm    .   c - +0 kite shield
rNeg     . . .     Faith    .   b - +0 scale mail
rPois    .         Spirit   .   (no helmet)
rElec    .         Reflect  .   (no cloak)
rCorr    .         Harm     .   (no gloves)
MR       .....                  (no boots)
Stlth    ..........             (no amulet)
HPRegen  0.17/turn              e - ring of see invisible
MPRegen  0.10/turn              (no ring)

@: mighty, lethally poisoned (-6 -> -19), hasted, very quick
A: no striking features
a: no special abilities


You were on level 3 of the Dungeon.
You were not hungry.

You visited 1 branch of the dungeon, and saw 3 of its levels.

You collected 93 gold pieces.

Inventory:

Hand Weapons
 a - a +1 war axe (weapon)
Armour
 b - a +0 scale mail (worn)
 c - a +0 kite shield (worn)
Jewellery
 e - a ring of see invisible (left hand)
Wands
 h - a wand of iceblast (8)
Scrolls
 d - 2 scrolls of teleportation {unknown}
 g - a scroll of enchant weapon
 i - a scroll of random uselessness {unknown}
 k - a scroll of identify
 m - a scroll of blinking {unknown}
Potions
 n - a potion of haste
Comestibles
 f - 6 rations
 l - 6 chunks of flesh


   Skills:
 + Level 4.3 Fighting
 * Level 6.6 Axes
 + Level 3.8 Armour
 + Level 0.5 Dodging
 + Level 3.8 Shields


You had 5 spell levels left.
You didn't know any spells.
Your spell library was empty.

Dungeon Overview and Level Annotations

Branches:
Dungeon (3/15)

Altars:
Fedhas
Trog
Uskayaw

Annotations:
D:3 Ijyb


Message History

You are engulfed in blazing flames.
Ijyb hits you with a +3 club. Ijyb hits you with a +3 club.
* * * LOW HITPOINT WARNING * * *
You barely miss Ijyb.
Ijyb zaps a wand.
Ijyb creates a blast of poison gas!
You hit Ijyb.
Ijyb is lightly wounded.
You are engulfed in poison gas.
You are lethally poisoned!
* * * LOW HITPOINT WARNING * * *
x2 You feel sick.
Ijyb zaps a wand.
Ijyb creates a blast of poison gas!
* * * LOW HITPOINT WARNING * * *
You feel sick. Ijyb hits you but does no damage.
It was a potion of haste.
You feel yourself speed up.
* * * LOW HITPOINT WARNING * * *
You feel sick.
Ijyb zaps a wand.
Ijyb creates a blast of freezing vapour!
The now-empty wand crumbles to dust.
You feel very mighty all of a sudden.
You are engulfed in freezing vapours.
You die...

### .. ..# #.# #.#
########.######§##
..............§§§######
...[##...##...§§§.....#
###.##......###§.##
#.#.(........g@§#
#.........###§.§#
#.##.#.##.###§§.#
###.##.#......#§§.###.
....##.#.....†§§§§....#
.#####.#..........###.#
.# #.##.....##..# .#
#........##### .##
####..$.##


You could see Ijyb.

Vanquished Creatures
  Sigmund (D:2)
  3 adders (D:2)
  An ooze (D:1)
  A worm (D:2)
  2 dart slugs (D:1)
  A leopard gecko (D:1)
  An orc (D:3)
  A ball python (D:2)
  3 giant cockroaches
  5 goblins
  5 hobgoblins
  7 kobolds
  4 bats
  9 frilled lizards
  6 rats
50 creatures vanquished.

Vanquished Creatures (others)
  An orc (D:3)
1 creature vanquished.

Grand Total: 51 creatures vanquished

Notes
Turn   | Place    | Note
-------+----------+-------------------------------------------
     0 | D:1      | HawFromDerth the Hill Orc Fighter began the quest for the
                  | Orb.
     0 | D:1      | Reached XP level 1. HP: 19/19 MP: 1/1
   484 | D:1      | Reached XP level 2. HP: 26/27 MP: 2/2
   671 | D:1      | Reached skill level 3 in Axes
   799 | D:1      | Reached XP level 3. HP: 32/33 MP: 3/3
  1180 | D:2      | Reached skill level 4 in Axes
  1303 | D:2      | Found a blossoming altar of Fedhas.
  1306 | D:2      | Reached XP level 4. HP: 40/40 MP: 4/4
  1417 | D:2      | Noticed Sigmund
  1426 | D:2      | Killed Sigmund
  1426 | D:2      | Reached skill level 6 in Axes
  1426 | D:2      | Reached XP level 5. HP: 24/46 MP: 5/5
  1654 | D:2      | Reached XP level 6. HP: 52/52 MP: 6/6
  1802 | D:2      | Found a hide-covered altar of Uskayaw.
  2456 | D:3      | Found a bloodstained altar of Trog.
  2557 | D:3      | Noticed Ijyb
  2567 | D:3      | HP: 1/53 [poisoned by Ijyb (poison gas)]
  2568 | D:3      | Engulfed by Ijyb's freezing vapour

Illustrated notes

Levels and vault maps discovered:
D:1:      mrwooster_arrival_arrow, layout_loops_cross, minmay_misc_feat_plants,
          feat_on_display
D:2:      layout_basic, marbit_many_paths, old_standard_altar, uniq_sigmund
D:3:      kennysheep_big_flooded_room, layout_loops_ring,
          grunt_dithmenos_smoke_and_mirrors, trog_butcher_becter, uniq_ijyb

Skill      XL: |  1  2  3  4 |
---------------+-------------+-----
Axes           | 3 4 6 |  6.6
Fighting       | 4 |  4.3
Armour         | |  3.8
Dodging        | |  0.5
Shields        | |  3.8

Action                   |  1- 3 |  4- 6 || total
-------------------------+-------+-------++-------
Melee: War axe           |    90 |    56 ||   146
  Use: Scroll            |     3 |       ||     3
       Potion            |     2 |     2 ||     4
  Eat: Chunk             |     1 |     3 ||     4
       Ration            |       |     1 ||     1
Armor: Scale mail        |    53 |    18 ||    71
Dodge: Dodged            |    38 |    13 ||    51
Block: Kite shield       |    53 |    38 ||    91
